 Dungeon Crawl Stone Soup version 0.28-a0-114-g2bf3c13a2f (webtiles) character file.

Game seed: 129184506148774075

215 voltaire321 the Magician (level 5, 0/29 HPs)
             Began as a Deep Elf Hedge Wizard on Aug 12, 2021.
             Was an Initiate of Sif Muna.
             Slain by a black bear (11 damage)
             ... on level 4 of the Dungeon.
             The game lasted 00:15:17 (5041 turns).

voltaire321 the Magician (Deep Elf Hedge Wizard)    Turns: 5041, Time: 00:15:18

Health: 0/29       AC:  5    Str:  7    XL:     5   Next: 60%
Magic:  9/14       EV: 13    Int: 20    God:    Sif Muna [......]
Gold:   257        SH:  0    Dex: 14    Spells: 6/14 levels left

rFire   + . .      SeeInvis .   a - +0 dagger
rCold   . . .      Faith    .   (no shield)
rNeg    . . .      Spirit   .   l - +0 robe {rF+}
rPois   .          Reflect  .   c - +1 hat
rElec   .          Harm     .   (no cloak)
rCorr   .          Rampage  .   j - +0 pair of gloves
Will    .....                   b - +0 pair of boots
Stlth   ++........              (no amulet)
HPRegen 0.09/turn               (no ring)
MPRegen 0.14/turn               (no ring)

@: no status effects
A: no striking features
a: Renounce Religion


You were on level 4 of the Dungeon.
You worshipped Sif Muna.
Sif Muna was noncommittal.
You visited 2 branches of the dungeon, and saw 5 of its levels.

You collected 257 gold pieces.

Inventory:

Hand Weapons
 a - a +0 dagger (weapon)
Armour
 b - a +0 pair of boots (worn)
 c - a +1 hat (worn)
 j - a +0 pair of gloves (worn)
 l - a +0 robe of fire resistance (worn)
Wands
 i - a wand of iceblast (10)
Scrolls
 e - 2 scrolls of teleportation
 k - a scroll of fog {unknown}
 m - a scroll of blinking {unknown}
Potions
 d - a potion of ambrosia {unknown}
 f - 2 potions of curing
 g - a potion of degeneration {unknown}
 h - a potion of resistance


   Skills:
 + Level 1.6 Fighting
 + Level 0.0 Armour
 + Level 3.5 Dodging
 - Level 2.4 Stealth
 + Level 0.0 Shields
 + Level 5.2 Spellcasting
 + Level 2.4 Conjurations
 + Level 2.5 Summonings
 + Level 2.5 Translocations
 + Level 1.0 Fire Magic
 + Level 0.0 Invocations


You had 6 spell levels left.
You knew the following spells:

 Your Spells              Type           Power      Damage    Failure   Level
a - Magic Dart            Conj           60%        1d6       4%          1
b - Blink                 Tloc           N/A        N/A       6%          2
c - Call Imp              Summ           15%        N/A       6%          2
d - Conjure Flame         Conj/Fire      12%        6-21      17%         3

Your spell library contained the following spells:

 Spells                   Type           Power      Damage    Failure   Level
 Sandblast                Erth           10%        2d5       12%         1
 Passwall                 Tmut/Erth      4%         N/A       17%         2
 Slow                     Hex            5%         N/A       17%         2
 Mephitic Cloud           Conj/Pois/Air  8%         N/A       24%         3
 Lee's Rapid Deconstruct  Erth           2%         3d6*      97%         5


Dungeon Overview and Level Annotations

Branches:
Dungeon (4/15)             Temple (1/1) D:4

Altars:
Ashenzari
Elyvilon
Fedhas
Gozag
Kikubaaqudgha
Nemelex Xobeh
Okawaru
Ru
Sif Muna
Trog
Uskayaw
Xom
Yredelemnul
Zin
The Shining One

Shops:
D:3 [


Message History

The black bear closely misses you. The black bear claws you.
The black bear claws you but does no damage.
You barely miss the black bear.
The black bear is severely wounded.
The black bear bites you. The black bear misses you.
The black bear closely misses you.
You hit the black bear.
The black bear is almost dead.
The black bear bites you but does no damage.
The black bear barely misses you. The black bear closely misses you.
You hit the black bear.
The black bear is almost dead.
The black bear completely misses you.
The black bear claws you but does no damage. x2
You hit the black bear but do no damage.
The black bear is almost dead.
The black bear barely misses you. The black bear claws you. x2
You barely miss the black bear.
The black bear is almost dead.
The black bear misses you.
The black bear claws you but does no damage.
The black bear barely misses you.
Casting: Magic Dart (safe; 4% risk of failure)
Confirm with . or Enter, or press ? or * to list all spells.
Aiming: Magic Dart (safe; 4% risk of failure)
Press: ? - help, Shift-Dir - straight line, f/p - black bear
Aim: a black bear (almost dead, 100% to hit)
The magic dart hits the black bear.
The black bear is almost dead.
The black bear goes berserk!
The black bear closely misses you.
The black bear claws you but does no damage.
The black bear closely misses you. The black bear barely misses you.
The black bear claws you. x2
Casting: Magic Dart (safe; 4% risk of failure)
Confirm with . or Enter, or press ? or * to list all spells.
A beastly little devil appears in a puff of frigid air.
Your white imp says, "I bow to your fealty, my magnificent and god-like ban!"
The black bear bites you!
You die...

##............
###..#+#.....#..
.....+_'....##..
###.##+#........
#....##.......
#.#..#......##
#.###......##
#####.#
##......#
#@##.##
###.....# ##h5.#
#....[ ####...#
####. .##.... ##
## ..


You could see a black bear (berserk, ally target) and a friendly white imp
(summoned).

Vanquished Creatures
  Natasha (D:3)
  A hound skeleton (D:4)
  An adder (D:4)
  An orc (D:3)
  5 ball pythons
  4 bats
  5 endoplasms
  5 goblins
  3 hobgoblins
  2 jackals
  A kobold (D:1)
  3 quokkas
  A frilled lizard (D:2)
  2 rats
35 creatures vanquished.

Vanquished Creatures (collateral kills)
  An ogre (D:4)
  Natasha (twice) (D:3)
  4 adders
  An adder skeleton (D:4)
  A worm (D:2)
  3 dart slugs
  5 orcs
  An endoplasm (D:2)
  A giant cockroach (D:2)
  2 hobgoblins (D:1)
  9 jackals
  A kobold (D:1)
  3 ball pythons
  A frilled lizard (D:1)
  A goblin (D:2)
  A rat (D:2)
37 creatures vanquished.

Grand Total: 72 creatures vanquished

Notes
Turn   | Place    | Note
-------+----------+-------------------------------------------
     0 | D:1      | voltaire321 the Deep Elf Hedge Wizard began the quest for
                  | the Orb.
     0 | D:1      | Reached XP level 1. HP: 10/10 MP: 7/7
   603 | D:1      | Reached XP level 2. HP: 15/15 MP: 6/9
   631 | D:1      | Learned a level 2 spell: Blink
   634 | D:1      | Learned a level 2 spell: Call Imp
  1009 | D:1      | Found a faded altar of an unknown god.
  1884 | D:2      | Reached XP level 3. HP: 20/20 MP: 8/11
  2868 | D:3      | Noticed Natasha
  2876 | D:3      | Killed Natasha
  2877 | D:3      | Reached skill level 1 in Fighting
  2877 | D:3      | Reached XP level 4. HP: 16/25 MP: 4/12
  2986 | D:3      | Found Japrayl's Armour Shoppe.
  3038 | D:3      | Noticed Natasha
  3051 | D:3      | Killed Natasha
  3146 | D:3      | Reached skill level 5 in Spellcasting
  3152 | D:3      | Learned a level 3 spell: Conjure Flame
  3295 | D:3      | Noticed Natasha
  3306 | D:3      | Killed Natasha
  4074 | D:4      | Found a sparkling altar of Nemelex Xobeh.
  4111 | D:4      | Reached XP level 5. HP: 28/29 MP: 12/14
  4312 | D:4      | Noticed an ogre
  4324 | D:4      | Killed an ogre
  4472 | D:4      | Found a staircase to the Ecumenical Temple.
  4488 | Temple   | Entered the Ecumenical Temple
  4590 | Temple   | Became a worshipper of Sif Muna the Loreminder
  4626 | D:4      | Reached skill level 1 in Fire Magic
  5011 | D:4      | Found a hide-covered altar of Uskayaw.
  5025 | D:4      | Noticed a black bear
  5041 | D:4      | Slain by a black bear

Illustrated notes

Levels and vault maps discovered:
D:1:      dpeg_arrival_concentric_ovals, layout_basic, basic_ecumenical_altar
D:2:      layout_loops_ring, corexii_shack, minmay_liquid_box
D:3:      layout_rooms, serial_shops, nicolae_shop_competitors_out_of_business,
          uniq_natasha
D:4:      kennysheep_big_flooded_room, layout_layer_cave, kennysheep_mini,
          grunt_temple_overflow_open, minmay_temple_entry_tees,
          minmay_misc_feat_diagonals, minmay_misc_feat_cross
Temple:   dshaligram_water_room_temple

Skill      XL: |  1  2  3  4  5 |
---------------+----------------+-----
Dodging        | 3 |  3.5
Fighting       | 1 |  1.6
Conjurations   | 2 |  2.4
Translocations | 2 |  2.5
Summonings     | 2 |  2.5
Spellcasting   | 5 |  5.2
Fire Magic     | 1 |  1.0
Stealth        | |  2.4

Action                   |  1- 3 |  4- 6 || total
-------------------------+-------+-------++-------
Melee: Dagger            |    41 |    68 ||   109
 Cast: Magic Dart        |    71 |    31 ||   102
       Call Imp          |    28 |    23 ||    51
       Blink             |     1 |       ||     1
  Use: Scroll            |     4 |     1 ||     5
 Stab: Sleeping          |     1 |       ||     1
       Distracted        |       |     1 ||     1
Armor: Robe              |    13 |    21 ||    34
Dodge: Dodged            |    38 |    64 ||   102

Table legend: (Time is in decaauts)
 A = Elapsed time spent in this place.
 B = Non-inter-level travel time spent in this place.
 C = Inter-level travel time spent in this place.
 D = Time resting spent in this place.
 E = Time spent auto-exploring this place.
 F = Levels seen in this place.
 G = Mean time per level.
                   A        B        C        D        E       F      G
               +--------+--------+--------+--------+--------+-----+--------+
         Total |   5046 |   4916 |    130 |   1578 |   2356 |   5 | 1009.2 |
       Dungeon |   4929 |   4799 |    130 |   1578 |   2287 |   4 | 1232.2 |
        Temple |    116 |    116 |      0 |      0 |     69 |   1 |  116.0 |
               +--------+--------+--------+--------+--------+-----+--------+

Top non-repeatable levels by time:
     D:1: 1651 daAuts
     D:4: 1218 daAuts
     D:2: 1197 daAuts
     D:3: 861 daAuts
  Temple: 116 daAuts
